 Dungeon Crawl Stone Soup version 0.25.0-41-g26779e291d (webtiles) character file.

Game seed: 6053352240991198598

9242 Kold the Cleaver (level 11, -14/83 HPs)
             Began as a Formicid Fighter on July 10, 2020.
             Was an Elder of Makhleb.
             Demolished by an orc warrior
             ... wielding a +0 glaive
             ... led by an orc knight
              (16 damage)
             ... on level 10 of the Dungeon.
             The game lasted 00:25:29 (10361 turns).

Kold the Cleaver (Formicid Fighter)                Turns: 10361, Time: 00:25:29

Health: -14/83     AC: 14    Str: 22 (23) XL:     11   Next: 70%
Magic:  24/24      EV:  9    Int:  6 (9)  God:    Makhleb [****..]
Gold:   721        SH: 10    Dex: 13 (16) Spells: 10/10 levels left

rFire    + . .     SeeInvis +   y - +2 war axe (vorpal)
rCold    + + +     Gourm    .   c - +0 kite shield
rNeg     . . .     Faith    .   o - +1 ice dragon scales
rPois    .         Spirit   .   (helmet unavailable)
rElec    .         Reflect  .   t - +1 cloak
rCorr    .         Harm     .   (no gloves)
MR       +....     Clarity  +   (no boots)
Stlth    ..........             m - amulet "Cipn" {RegenMP *Contam rF++ rC++}
HPRegen  0.23/turn              v - +6 ring of dexterity
MPRegen  0.44/turn              g - ring of magical power

@: very heavily drained
A: permanent stasis, dig shafts and tunnels, four strong arms, antennae 3,
hooves 1, clarity, robust 1, MP-powered wands
a: Dig, Shaft Self, Minor Destruction, Lesser Servant of Makhleb, Major
Destruction, Renounce Religion


You were on level 10 of the Dungeon.
You worshipped Makhleb.
Makhleb was greatly pleased with you.
You were not hungry.

You visited 2 branches of the dungeon, and saw 11 of its levels.

You collected 721 gold pieces.

Inventory:

Hand Weapons
 y - a +2 vorpal war axe (weapon)
Armour
 c - a +0 kite shield (worn)
 o - +1 ice dragon scales (worn)
 t - a +1 cloak (worn)
Jewellery
 g - a ring of magical power (right hand)
 j - an uncursed amulet of regeneration
 m - the amulet "Cipn" (around neck) {RegenMP *Contam rF++ rC++}
   (You found it on level 6 of the Dungeon)

   [amulet of magic regeneration]

   It increases your magic regeneration.
   It greatly protects you from fire.
   It greatly protects you from cold.
   It causes magical contamination when unequipped.
 v - a +6 ring of dexterity (left hand)
Wands
 d - a wand of polymorph (19)
 i - a wand of acid (13)
 C - a wand of digging (6)
Scrolls
 h - 2 scrolls of fog
 k - 2 scrolls of remove curse
 l - 2 scrolls of identify
 n - a scroll of amnesia
 p - 2 scrolls of silence {unknown}
 r - a scroll of enchant armour
 s - 2 scrolls of immolation
Potions
 b - a potion of brilliance
 e - a potion of mutation
 q - 3 potions of ambrosia
 w - a potion of stabbing
 z - a potion of degeneration
 D - 3 potions of might
Comestibles
 f - 20 rations


   Skills:
 - Level 3.6(0.1) Fighting
 * Level 11.9(7.5) Axes
 + Level 8.9(4.9) Armour
 + Level 5.1(1.5) Dodging
 - Level 9.0(4.9) Shields
 + Level 6.2(2.4) Invocations


You had 10 spell levels left.
You didn't know any spells.
Your spell library was empty.

Dungeon Overview and Level Annotations

Branches:
Dungeon (10/15)            Temple (1/1) D:4
   Lair: D:8-11         Orc: D:9-12

Altars:
Cheibriados
Dithmenos
Elyvilon
Fedhas
Gozag
Hepliaklqana
Makhleb
Nemelex Xobeh
Ru
Sif Muna
Trog
Vehumet
Xom
Zin
The Shining One
Beogh

Annotations:
D:7 2 transporters


Innate Abilities, Weirdness & Mutations

You cannot be hasted, slowed, berserked, paralysed or teleported.
You can dig through walls and to a lower floor.
Your four strong arms can wield two-handed weapons with a shield.
You have a pair of large antennae on your head. (SInv)
You have large cloven feet.
You possess an exceptional clarity of mind.
You are robust. (+10% HP)
You expend magic power (3 MP) to strengthen your wands.


Message History

You slash the orc warrior!
You kick the orc warrior, but do no damage.
The orc warrior is severely wounded.
You block the orc warrior's attack.
You hit the orc warrior but do no damage.
You kick the orc warrior, but do no damage.
The orc warrior is severely wounded.
The orc warrior hits you with a +0 glaive!
* * * LOW HITPOINT WARNING * * *
Press: ? - help, Shift-Dir - straight line, f - orc warrior
Aim: an orc warrior, wielding a +0 glaive and wearing a +0 chain mail of cold resistance (severely wounded)
You fail to use your ability.
The orc warrior hits you with a +0 glaive!
* * * LOW HITPOINT WARNING * * *
You don't have enough health at the moment.
Press: ? - help, Shift-Dir - straight line, f/p - orc warrior
Aim: an orc warrior, wielding a +0 glaive and wearing a +0 chain mail of cold resistance (severely wounded)
The orc warrior resists with some effort.
The orc warrior hits you with a +0 glaive!
You die...

.............#
.......#####.#
.......# #o#
#####..# +.#
#..+ #.# #..#
#.# #..#
#.###### {
#..#####...^..#
{#..........o@<#
##.............#
...............#
...............#
.....#######...#
..... #...# ....
#...# ... ....#
. ....#


You could see an orc warrior.

Vanquished Creatures
  Erica (D:9)
  A two-headed ogre (D:8)
  Nergalle (D:10)
  Pikel (D:6)
  Grinder (D:3)
  A hornet (D:8)
  2 trolls (D:9)
  Prince Ribbit (D:6)
  3 wyverns
  The ghost of MisterFreud the Changer, an amateur DrTm (D:5)
  Sigmund (D:4)
  5 yaks (D:8)
  Edmund (D:4)
  An orc warrior (D:9)
  5 sky beasts
  A phantom (D:3)
  A necrophage (D:8)
  8 ogres
  6 centaurs
  A crocodile (D:9)
  3 big kobolds
  5 bullfrogs
  A gnoll sergeant (D:7)
  A water moccasin skeleton (D:9)
  A scorpion (D:5)
  7 killer bees (D:8)
  2 howler monkeys
  3 bullfrog zombies
  A crimson imp (D:7)
  A gnoll shaman (D:8)
  4 jellies
  2 bullfrog skeletons
  5 hounds
  A centaur skeleton (D:7)
  2 orc priests
  A quasit (D:5)
  5 orc wizards
  2 iguanas
  7 worker ants
  A hound zombie (D:5)
  2 hound skeletons
  2 worker ant zombies (D:5)
  Robin (D:3)
  9 adders
  13 gnolls
  A shadow imp (D:5)
  An adder skeleton (D:5)
  A worm (D:2)
  A dart slug (D:1)
  3 leopard geckos
  14 orcs
  A ball python (D:3)
  7 bats
  6 giant cockroaches
  17 goblins
  6 hobgoblins
  10 jackals
  17 kobolds
  7 quokkas
  A ball python skeleton (D:6)
  A ball python zombie (D:5)
  5 frilled lizards
  A jackal skeleton (D:4)
  2 jackal zombies
  A leopard gecko zombie (D:5)
  3 quokka zombies
  11 rats
242 creatures vanquished.

Vanquished Creatures (collateral kills)
  A warg (D:10)
1 creature vanquished.

Vanquished Creatures (others)
  A scorpion (D:6)
  A crimson imp (D:6)
  A quokka (D:6)
  4 toadstools (D:1)
7 creatures vanquished.

Grand Total: 250 creatures vanquished

Notes
Turn   | Place    | Note
-------+----------+-------------------------------------------
     0 | D:1      | Kold the Formicid Fighter began the quest for the Orb.
     0 | D:1      | Reached XP level 1. HP: 18/18 MP: 1/1
    85 | D:1      | Reached XP level 2. HP: 24/25 MP: 2/2
   676 | D:1      | Reached XP level 3. HP: 30/30 MP: 3/3
  1582 | D:2      | Reached XP level 4. HP: 35/37 MP: 4/4
  1778 | D:3      | Noticed a phantom
  1870 | D:3      | Killed a phantom
  1870 | D:3      | Reached skill level 3 in Axes
  1870 | D:3      | Reached XP level 5. HP: 25/42 MP: 5/5
  1959 | D:3      | Reached skill level 5 in Shields
  2140 | D:3      | Noticed Grinder
  2168 | D:3      | Killed Grinder
  2168 | D:3      | Reached skill level 4 in Axes
  2168 | D:3      | Reached skill level 5 in Armour
  2168 | D:3      | Reached XP level 6. HP: 28/48 MP: 6/6
  2168 | D:3      | Reached XP level 7. HP: 31/53 MP: 7/7
  2250 | D:3      | Found a bloodstained altar of Trog.
  2422 | D:3      | Noticed Robin
  2487 | D:3      | Killed Robin
  2839 | D:4      | Found a staircase to the Ecumenical Temple.
  2880 | Temple   | Entered the Ecumenical Temple
  2915 | Temple   | Became a worshipper of Makhleb the Destroyer
  2968 | D:4      | Got a bloodstained chain mail
  2979 | D:4      | Identified the cursed +0 chain mail of Shadows and Fog
                  | {Dex+2} (You found it on level 4 of the Dungeon)
  3004 | D:4      | Noticed Sigmund
  3030 | D:4      | Killed Sigmund
  3223 | D:4      | Found a blossoming altar of Fedhas.
  3285 | D:4      | Noticed Edmund
  3313 | D:4      | Killed Edmund
  3313 | D:4      | Reached XP level 8. HP: 44/60 MP: 8/8
  3485 | D:5      | Entered Level 5 of the Dungeon
  3564 | D:4      | You fall into a shaft and drop 2 floors!
  3564 | D:6      | Found a sparkling altar of Nemelex Xobeh.
  3575 | D:6      | Reached skill level 5 in Axes
  3814 | D:6      | Noticed Pikel
  3882 | D:6      | Killed Pikel
  3882 | D:6      | Reached skill level 7 in Axes
  3956 | D:6      | Noticed Prince Ribbit
  3988 | D:6      | Reached XP level 9. HP: 50/65 MP: 9/9
  3991 | D:6      | Killed Prince Ribbit
  4205 | D:5      | Reached skill level 8 in Axes
  4336 | D:5      | Reached * piety under Makhleb
  5096 | D:5      | Reached skill level 9 in Axes
  5144 | D:5      | Found a runed translucent door.
  5252 | D:5      | Reached skill level 1 in Dodging
  5702 | D:5      | Noticed MisterFreud's ghost (amateur DrTm)
  5734 | D:5      | Killed MisterFreud's ghost
  5744 | D:5      | Gained mutation: You expend magic power (3 MP) to
                  | strengthen your wands. [potion of mutation]
  5744 | D:5      | Gained mutation: You have large cloven feet. [potion of
                  | mutation]
  5744 | D:5      | Gained mutation: You are robust. (+10% HP) [potion of
                  | mutation]
  5744 | D:5      | Gained mutation: You possess an exceptional clarity of
                  | mind. [potion of mutation]
  5907 | D:6      | Got a crude lead amulet
  5909 | D:6      | Identified the amulet "Cipn" {RegenMP *Contam rF++ rC++}
                  | (You found it on level 6 of the Dungeon)
  6308 | D:6      | Found a shimmering blue altar of Sif Muna.
  6420 | D:7      | Reached ** piety under Makhleb
  6511 | D:7      | Reached XP level 10. HP: 78/78 MP: 10/10
  6649 | D:7      | Found a transporter.
  6651 | D:7      | Found a transporter.
  6656 | D:7      | Found a roughly hewn altar of Beogh.
  6688 | D:7      | Reached skill level 1 in Invocations
  7024 | D:7      | Reached skill level 10 in Axes
  7262 | D:7      | Found a white marble altar of Elyvilon.
  7290 | D:7      | Reached *** piety under Makhleb
  7649 | D:8      | Noticed a two-headed ogre
  7655 | D:8      | Killed a two-headed ogre
  7737 | D:8      | Reached XP level 11. HP: 48/83 MP: 14/14
  7816 | D:8      | Reached skill level 11 in Axes
  8132 | D:8      | Reached skill level 5 in Invocations
  8240 | D:8      | Found a glowing golden altar of the Shining One.
  8244 | D:8      | Found an opulent altar of Gozag.
  8692 | D:9      | Found a glowing silver altar of Zin.
  8798 | D:9      | Reached **** piety under Makhleb
  8822 | D:9      | Found a radiant altar of Vehumet.
  9158 | D:10     | Entered Level 10 of the Dungeon
  9206 | D:9      | Noticed Erica
  9217 | D:9      | Killed Erica
  9219 | D:9      | Reached skill level 5 in Dodging
  9523 | D:10     | Noticed Nergalle
  9593 | D:10     | Killed Nergalle
  9886 | D:10     | Noticed an orc knight
 10360 | D:10     | HP: 3/83 [orc warrior/+0 glaive[an orc knight] (12)]
 10361 | D:10     | Demolished by an orc warrior

Illustrated notes

Levels and vault maps discovered:
D:1:      mrwooster_arrival_arrow, layout_basic, minmay_gold_behind_fungi
D:2:      layout_basic
D:3:      layout_basic, lightli_temple_of_fire, serial_curves, eino_curves_02,
          eino_curves_02, kennysheep_another_room, serial_bayou_ford_a,
          uniq_robin, uniq_grinder
D:4:      layout_loops_cross, kennysheep_little_box, minmay_temple_entry_arrows,
          first_ration, uniq_sigmund, uniq_edmund
D:5:      layout_layer_cave, ebering_ghost_reflecting_pool, serial_undead,
          serial_undead_d, serial_undead_c, serial_undead_e, serial_undead_b
D:6:      layout_loops_ring, led_sif_book, nemelex_xobeh_ov_fountains_minmay,
          uniq_prince_ribbit1, uniq_pikel
D:7:      gammafunk_beogh_shrine, layout_loops_cross, elyvilon_altar_3
D:8:      layout_cave_pools, grunt_temple_overflow_open, grunt_ogre_cave
D:9:      layout_roguey, lemuel_coloured_pillars_altar, vehumet_crystals,
          uniq_erica
D:10:     layout_irregular_city, lair_entry_dummy, uniq_nergalle
Temple:   oiseaux_autumnal_temple

Skill      XL: |  1  2  3  4  5  6  7  8  9 10 11 |
---------------+----------------------------------+-----
Shields        | 4 5 6 8 9 |  9.0
Armour         | 4 5 6 7 8 |  8.9
Axes           | 3 4 7 9 10 11 | 11.9
Dodging        | 1 3 5 |  5.1
Invocations    | 4 6 |  6.2
Fighting       | |  3.6

Action                   |  1- 3 |  4- 6 |  7- 9 | 10-12 || total
-------------------------+-------+-------+-------+-------++-------
Melee: War axe           |   114 |   104 |   435 |   468 ||  1121
       Kick              |       |       |     4 |   161 ||   165
Invok: Minor Destruction |       |       |       |     1 ||     1
       Lesser Servant of |       |       |       |     1 ||     1
 Abil: Dig               |       |       |     2 |    11 ||    13
       Shaft Self        |       |       |     1 |       ||     1
Evoke: Wand              |       |       |     1 |       ||     1
  Use: Potion            |       |       |     7 |     5 ||    12
       Scroll            |       |       |    10 |       ||    10
  Eat: Chunk             |     2 |     2 |    14 |    11 ||    29
       Ration            |       |       |       |     2 ||     2
Armor: Scale mail        |    47 |    47 |    57 |       ||   151
       Chain mail        |       |       |    41 |       ||    41
       Ice dragon scales |       |       |    96 |   145 ||   241
       Skin              |       |       |       |     9 ||     9
Dodge: Dodged            |    49 |    39 |   179 |   136 ||   403
Block: Kite shield       |    25 |       |       |   183 ||   208
       Buckler           |    14 |    21 |   112 |    20 ||   167
